PCL
FRESNO GRIZZLIES @ RENO ACES
05/02/2099
 
TOP OF THE 1ST
Fresno Grizzlies batting - Pitching for Reno Aces : RHP John Mork
Pitching: RHP John Mork
Batting: RHB Sterling Lentz 0-0: Called Strike
0-1: Called Strike
0-2: Ball
1-2: Strikes out looking
Batting: RHB Travis Braga 0-0: Ball
1-0: Ball
2-0: Ball
3-0: Called Strike
3-1: Ground out 4-3 (Groundball, 34, EV 82.5 MPH)
Batting: LHB Steve Kuhlman 0-0: Called Strike
0-1: Swinging Strike
0-2: Foul Ball, location: 2F
0-2: Foul Ball, location: 3F
0-2: SINGLE (Line Drive, 78M, EV 93.1 MPH)
Batting: LHB Marc Helms 0-0: Called Strike
0-1: Foul Ball, location: 7LMF
0-2: Foul Ball, location: 3SF
0-2: Ball
1-2: Foul Ball, location: 3F
1-2: Foul Ball, location: 2F
1-2: SINGLE (Groundball, 6MS, EV 69.4 MPH) (infield hit)
Steve Kuhlman to second
Batting: RHB Tony Tenesaca 0-0: Ball
1-0: Fly out, F9 (Flyball, 9, EV 85.6 MPH)
Top of the 1st over - 0 runs, 2 hits, 0 errors, 2 left on base; Fresno 0 - Reno 0
BOTTOM OF THE 1ST
Reno Aces batting - Pitching for Fresno Grizzlies : RHP John Morseth
Pitching: RHP John Morseth
Batting: LHB Josh Jessey 0-0: Ball
1-0: Ball
2-0: DOUBLE (Flyball, 8LXD, EV 95.0 MPH)
Batting: RHB Ron Ellis 0-0: Called Strike
0-1: Called Strike
0-2: Strikes out looking
Batting: RHB Thomas Montgomery 0-0: Called Strike
0-1: TRIPLE (Flyball, 78XD, EV 86.3 MPH)
Josh Jessey scores
Batting: RHB Bobby Bye 0-0: Foul Ball, location: 3F
0-1: Foul Ball, location: 2F
0-2: Strikes out looking
Batting: RHB Jeff Sanfillipo 0-0: Called Strike
0-1: Ball
1-1: Called Strike
1-2: Strikes out swinging
Bottom of the 1st over - 1 run, 2 hits, 0 errors, 1 left on base; Fresno 0 - Reno 1
TOP OF THE 2ND
Fresno Grizzlies batting - Pitching for Reno Aces : RHP John Mork
Batting: RHB Angel Perez 0-0: Ball
1-0: Called Strike
1-1: Foul Ball, location: 7LMF
1-2: Fly out, F8 (Flyball, 8LM, EV 91.9 MPH)
Batting: RHB Evan Duncan 0-0: Ball
1-0: Swinging Strike
1-1: SINGLE (Line Drive, 4D, EV 99.4 MPH)
Batting: RHB Agustin Vargas 0-0: Ball
1-0: Ball
2-0: Ball
3-0: Base on Balls
Evan Duncan to second
Batting: RHB Michael Harrison 0-0: Called Strike
0-1: Swinging Strike
0-2: Ball
1-2: Foul Ball, location: 2F
1-2: Strikes out swinging
Batting: RHB Sterling Lentz 0-0: Called Strike
0-1: Called Strike
0-2: Fly out, F8 (Flyball, 8LD, EV 104.4 MPH)
Top of the 2nd over - 0 runs, 1 hit, 0 errors, 2 left on base; Fresno 0 - Reno 1
BOTTOM OF THE 2ND
Reno Aces batting - Pitching for Fresno Grizzlies : RHP John Morseth
Batting: LHB Chris Blackford 0-0: Foul Ball, location: 7LDF
0-1: Swinging Strike
0-2: Fly out, F8 (Line Drive, 8LM, EV 92.5 MPH)
Batting: RHB Jim Unknown 0-0: Swinging Strike
0-1: Swinging Strike
0-2: Ball
1-2: Ball
2-2: Strikes out swinging
Batting: RHB Jim Unknown 0-0: Ball
1-0: Foul Ball, location: 9LMF
1-1: Hit by Pitch
Batting: RHB Jim Unknown 0-0: Called Strike
0-1: Ball
1-1: Ball
2-1: Ball
3-1: Called Strike
3-2: Strikes out looking
Bottom of the 2nd over - 0 runs, 0 hits, 0 errors, 1 left on base; Fresno 0 - Reno 1
TOP OF THE 3RD
Fresno Grizzlies batting - Pitching for Reno Aces : RHP John Mork
Batting: RHB Travis Braga 0-0: Called Strike
0-1: Ground out 6-3 (Groundball, 6, EV 78.1 MPH)
Batting: LHB Steve Kuhlman 0-0: Ball
1-0: Fly out, F8 (Line Drive, 8RM, EV 106.9 MPH)
Batting: LHB Marc Helms 0-0: Fly out, F8 (Flyball, 8LD, EV 99.4 MPH)
Top of the 3rd over - 0 runs, 0 hits, 0 errors, 0 left on base; Fresno 0 - Reno 1
BOTTOM OF THE 3RD
Reno Aces batting - Pitching for Fresno Grizzlies : RHP John Morseth
Batting: LHB Josh Jessey 0-0: Ball
1-0: Fly out, F8 (Flyball, 8LS, EV 72.5 MPH)
Batting: RHB Ron Ellis 0-0: Ball
1-0: Ground out 4-3 (Groundball, 4, EV 105.0 MPH)
Batting: RHB Thomas Montgomery 0-0: Ball
1-0: Ball
2-0: Ball
3-0: Foul Ball, location: 9LDF
3-1: Foul Ball, location: 5SF
3-2: Strikes out swinging
Bottom of the 3rd over - 0 runs, 0 hits, 0 errors, 0 left on base; Fresno 0 - Reno 1
TOP OF THE 4TH
Fresno Grizzlies batting - Pitching for Reno Aces : RHP John Mork
Batting: RHB Tony Tenesaca 0-0: Ball
1-0: Ground out 4-3 (Groundball, 34D, EV 97.5 MPH)
Batting: RHB Angel Perez 0-0: Ball
1-0: Foul Ball, location: 25F
1-1: Foul Ball, location: 3F
1-2: Ball
2-2: Foul Ball, location: 2F
2-2: SINGLE (Line Drive, 6D, EV 96.3 MPH)
Batting: RHB Evan Duncan 0-0: Fly out, F4 (Popup, 34, EV 67.5 MPH)
Batting: RHB Agustin Vargas 0-0: Called Strike
0-1: Ball
1-1: SINGLE (Groundball, 4M, EV 101.9 MPH) (infield hit)
Angel Perez to second
Batting: RHB Michael Harrison 0-0: Ball
1-0: Called Strike
1-1: Ball
2-1: Foul Ball, location: 2F
2-2: DOUBLE (Flyball, 78D, EV 101.3 MPH)
Angel Perez scores
Agustin Vargas to third
Runner from 3rd tries for Home, SAFE, throw by LF to home
Batting: RHB Sterling Lentz 0-0: Ball
Wild Pitch!
Michael Harrison to third
1-0: Foul Ball, location: 5DF
1-1: Foul Ball, location: 23FF
1-2: Strikes out swinging
Top of the 4th over - 2 runs, 3 hits, 0 errors, 1 left on base; Fresno 2 - Reno 1
BOTTOM OF THE 4TH
Reno Aces batting - Pitching for Fresno Grizzlies : RHP John Morseth
Batting: RHB Bobby Bye 0-0: Ball
1-0: Called Strike
1-1: Ball
2-1: Foul Ball, location: 2F
2-2: Ball
3-2: Ground out 5-3 (Groundball, 56, EV 96.9 MPH)
Batting: RHB Jeff Sanfillipo 0-0: Ball
1-0: Ball
2-0: Called Strike
2-1: Ball
3-1: Swinging Strike
3-2: Base on Balls
Batting: LHB Chris Blackford 0-0: Called Strike
0-1: Called Strike
0-2: Foul Ball, location: 2F
0-2: Foul Ball, location: 2F
0-2: Ball
1-2: Foul Ball, location: 7LDF
1-2: DOUBLE (Flyball, 8RD, EV 102.5 MPH)
Jeff Sanfillipo to third
Batting: RHB Jim Unknown 0-0: Fly out, F9 (Line Drive, 9S, EV 86.3 MPH)
Batting: RHB Jim Unknown 0-0: Called Strike
0-1: Foul Ball, location: 9LSF
0-2: Ball
1-2: Ball
2-2: Ball
3-2: Foul Ball, location: 2F
3-2: Fly out, F7 (Line Drive, 7, EV 111.3 MPH)
Bottom of the 4th over - 0 runs, 1 hit, 0 errors, 2 left on base; Fresno 2 - Reno 1
TOP OF THE 5TH
Fresno Grizzlies batting - Pitching for Reno Aces : RHP John Mork
Batting: RHB Travis Braga 0-0: Ball
1-0: Ball
2-0: Ball
3-0: Base on Balls
Batting: LHB Steve Kuhlman 0-0: Swinging Strike
0-1: Ball
1-1: Ball
2-1: Foul Ball, location: 2F
2-2: Ball
3-2: Fly out, F8 (Flyball, 89M, EV 98.8 MPH)
Batting: LHB Marc Helms 0-0: Fly out, F7 (Flyball, 7LM, EV 99.4 MPH)
Batting: RHB Tony Tenesaca 0-0: Called Strike
0-1: Ball
1-1: Called Strike
1-2: Ball
2-2: Ball
3-2: Base on Balls
Travis Braga to second
Batting: RHB Angel Perez 0-0: Called Strike
0-1: Ball
1-1: Foul Ball, location: 3F
1-2: Ball
2-2: Ball
3-2: Strikes out looking
Top of the 5th over - 0 runs, 0 hits, 0 errors, 2 left on base; Fresno 2 - Reno 1
BOTTOM OF THE 5TH
Reno Aces batting - Pitching for Fresno Grizzlies : RHP John Morseth
Batting: RHB Jim Unknown 0-0: Called Strike
0-1: DOUBLE (Line Drive, 9LM, EV 96.9 MPH)
Batting: LHB Josh Jessey 0-0: Foul Ball, location: 5F
0-1: Foul Ball, location: 7LSF
0-2: Fly out, F8 (Flyball, 8LXD, EV 106.9 MPH)
Runner from 2nd tags up, SAFE at 3rd, no throw by CF
Batting: RHB Ron Ellis 0-0: Swinging Strike
0-1: Ball
1-1: Ball
2-1: SINGLE (Groundball, 4D, EV 87.5 MPH)
Jim Unknown scores
Batting: RHB Thomas Montgomery 0-0: Called Strike
0-1: Called Strike
0-2: Foul Ball, location: 9LDF
0-2: Ball
1-2: 2-RUN HOME RUN (Flyball, 7D, EV 97.5 MPH), Distance : 403 ft
Batting: RHB Bobby Bye 0-0: Ball
1-0: Foul Ball, location: 9LMF
1-1: DOUBLE (Flyball, 78D, EV 111.3 MPH)
Batting: RHB Jeff Sanfillipo 0-0: Ball
1-0: Foul Ball, location: 25F
1-1: Fly out, F7 (Line Drive, 7LM, EV 92.5 MPH)
Batting: LHB Chris Blackford 0-0: Swinging Strike
0-1: Ball
1-1: Fly out, F8 (Flyball, 8RD, EV 78.8 MPH)
Bottom of the 5th over - 3 runs, 4 hits, 0 errors, 1 left on base; Fresno 2 - Reno 4
TOP OF THE 6TH
Fresno Grizzlies batting - Pitching for Reno Aces : RHP John Mork
Batting: RHB Evan Duncan 0-0: Swinging Strike
0-1: Ball
1-1: Foul Ball, location: 23F
1-2: Ground out U3 (Groundball, 34S, EV 66.9 MPH)
Batting: RHB Agustin Vargas 0-0: Called Strike
0-1: Ball
1-1: Ball
2-1: Foul Ball, location: 5SF
2-2: Strikes out looking
Batting: RHB Michael Harrison 0-0: Called Strike
0-1: Ball
1-1: Called Strike
1-2: Strikes out swinging
Top of the 6th over - 0 runs, 0 hits, 0 errors, 0 left on base; Fresno 2 - Reno 4
BOTTOM OF THE 6TH
Reno Aces batting - Pitching for Fresno Grizzlies : RHP John Morseth
Batting: RHB Jim Unknown 0-0: Called Strike
0-1: Swinging Strike
0-2: Ground out 6-3 (Groundball, 6, EV 78.1 MPH)
Batting: RHB Jim Unknown 0-0: Swinging Strike
0-1: Called Strike
0-2: Ground out 5-3 (Groundball, 56S, EV 86.3 MPH)
Batting: RHB Jim Unknown 0-0: Foul Ball, location: 25F
0-1: Foul Ball, location: 7LMF
0-2: Strikes out swinging
Bottom of the 6th over - 0 runs, 0 hits, 0 errors, 0 left on base; Fresno 2 - Reno 4
TOP OF THE 7TH
Fresno Grizzlies batting - Pitching for Reno Aces : RHP John Mork
Batting: RHB Sterling Lentz 0-0: Ball
1-0: Fly out, F7 (Flyball, 7D, EV 101.3 MPH)
Batting: RHB Travis Braga 0-0: Ball
1-0: Foul Ball, location: 2F
1-1: Foul Ball, location: 5SF
1-2: Ball
2-2: Foul Ball, location: 9LMF
2-2: Ball
3-2: DOUBLE (Groundball, 5L, EV 110.0 MPH)
Pitching: LHP Dylan Cliff
Pinch Hitting: RHB Matt Carocci 0-0: Ball
1-0: Called Strike
1-1: Swinging Strike
1-2: Ball
2-2: Fly out, F9 (Flyball, 9LD, EV 110.6 MPH)
Runner from 2nd tags up, SAFE at 3rd, no throw by RF
Pinch Hitting: SHB Jason Pierce 0-0: Ball
1-0: Called Strike
1-1: Ball
2-1: Called Strike
2-2: SINGLE (Flyball, 56D, EV 91.9 MPH)
Travis Braga scores
Batting: RHB Tony Tenesaca 0-0: Ball
1-0: Foul Ball, location: 5FF
1-1: Ball
2-1: Called Strike
2-2: Strikes out swinging
Top of the 7th over - 1 run, 2 hits, 0 errors, 1 left on base; Fresno 3 - Reno 4
BOTTOM OF THE 7TH
Reno Aces batting - Pitching for Fresno Grizzlies : RHP John Morseth
Now at 1B: Jason Pierce
Now in RF: Matt Carocci
Batting: LHB Josh Jessey 0-0: Foul Ball, location: 5F
0-1: Swinging Strike
0-2: Strikes out swinging
Batting: RHB Ron Ellis 0-0: Fly out, F8 (Line Drive, 8LM, EV 105.6 MPH)
Batting: RHB Thomas Montgomery 0-0: Fly out, F7 (Flyball, 7S, EV 92.5 MPH)
Bottom of the 7th over - 0 runs, 0 hits, 0 errors, 0 left on base; Fresno 3 - Reno 4
TOP OF THE 8TH
Fresno Grizzlies batting - Pitching for Reno Aces : LHP Dylan Cliff
Pitching: RHP Nathaniel Valmont
Batting: RHB Angel Perez 0-0: Swinging Strike
0-1: Ball
1-1: Foul Ball, location: 3DF
1-2: Foul Ball, location: 2F
1-2: Strikes out swinging
Batting: RHB Evan Duncan 0-0: Ball
1-0: SINGLE (Groundball, 6MD, EV 99.4 MPH)
Batting: RHB Agustin Vargas 0-0: Swinging Strike
0-1: Ball
1-1: Foul Ball, location: 9LMF
1-2: Strikes out swinging
Batting: RHB Michael Harrison 0-0: Ball
1-0: Called Strike
1-1: Called Strike
1-2: Ball
2-2: Strikes out swinging
Top of the 8th over - 0 runs, 1 hit, 0 errors, 1 left on base; Fresno 3 - Reno 4
BOTTOM OF THE 8TH
Reno Aces batting - Pitching for Fresno Grizzlies : RHP John Morseth
Pitching: RHP Gene Kaiser
Batting: RHB Bobby Bye 0-0: Fly out, F8 (Flyball, 8RM, EV 90.0 MPH)
Batting: RHB Jeff Sanfillipo 0-0: Called Strike
0-1: Ground out 5-3 (Groundball, 5S, EV 90.6 MPH)
Batting: LHB Chris Blackford 0-0: Foul Ball, location: 2F
0-1: Reached on error, E6 (Groundball, 6MS, EV 86.3 MPH)
Batting: RHB Jim Unknown 0-0: Ball
1-0: Foul Ball, location: 2F
1-1: Ball
2-1: SINGLE (Line Drive, 7S, EV 90.0 MPH)
Chris Blackford to second
Batting: RHB Jim Unknown 0-0: Fly out, F9 (Flyball, 9D, EV 92.5 MPH)
Bottom of the 8th over - 0 runs, 1 hit, 1 error, 2 left on base; Fresno 3 - Reno 4
TOP OF THE 9TH
Fresno Grizzlies batting - Pitching for Reno Aces : RHP Nathaniel Valmont
Batting: RHB Sterling Lentz 0-0: SINGLE (Line Drive, 89D, EV 106.3 MPH)
Batting: RHB Travis Braga 0-0: Ball
1-0: Foul Ball, location: 9LMF
1-1: Foul Ball, location: 25F
1-2: Ball
2-2: Ball
3-2: Foul Ball, location: 9LSF
3-2: Fly out, F9 (Flyball, 9, EV 97.5 MPH)
Batting: RHB Matt Carocci 0-0: Ball
1-0: Foul Ball, location: 2F
1-1: Fly out, F3 (Popup, 23F, EV 81.3 MPH)
Batting: SHB Jason Pierce 0-0: Ball
1-0: Foul Ball, location: 2LF
1-1: Swinging Strike
1-2: Strikes out looking
Top of the 9th over - 0 runs, 1 hit, 0 errors, 1 left on base; Fresno 3 - Reno 4
Sunday, May 5th , 2024 - OOTP Baseball 24.11 Build 85